 Dungeon Crawl Stone Soup version 0.25.0-1-g7eea58d (webtiles) character file.

Game seed: 2102169232138346725

2984 PublicAnimeNo1 the Slinger (level 9, -5/74 HPs)
             Began as a Barachi Hunter on June 13, 2020.
             Was a Believer of Okawaru.
             Blown up by a centaur (26 damage)
             ... with a disintegration bolt
             ... on level 7 of the Dungeon.
             The game lasted 00:22:02 (7108 turns).

PublicAnimeNo1 the Slinger (Barachi Hunter)         Turns: 7108, Time: 00:22:03

Health: -5/74      AC:  4    Str: 19    XL:     9   Next: 83%
Magic:  0/10       EV: 15    Int: 13    God:    Okawaru [**....]
Gold:   317        SH:  0    Dex: 21    Spells: 8/8 levels left

rFire    . . .     SeeInvis .   a - +1 hunting sling
rCold    . . .     Gourm    .   (no shield)
rNeg     . . .     Faith    .   H - +0 troll leather armour
rPois    .         Spirit   +   (no helmet)
rElec    .         Reflect  .   (no cloak)
rCorr    .         Harm     .   (no gloves)
MR       .....                  (no boots)
Stlth    +++.......             u - amulet of guardian spirit
HPRegen  0.62/turn              j - +6 ring of strength
MPRegen  0.12/turn              i - +6 ring of dexterity

@: can't hop, slow
A: +LOS, swims, slowness 1, strong legs 1
a: Hop, Heroism, Renounce Religion


You were on level 7 of the Dungeon.
You worshipped Okawaru.
Okawaru was pleased with you.
You were not hungry.

You visited 2 branches of the dungeon, and saw 8 of its levels.
You also visited: Ossuary.

You collected 317 gold pieces.

Inventory:

Hand Weapons
 a - a +1 hunting sling (weapon)
 b - a +0 short sword
Missiles
 d - 61 sling bullets
 g - 136 stones (quivered)
 B - 2 throwing nets {!f}
Armour
 c - a +1 leather armour
 D - a +0 scale mail
   (You found it on level 6 of the Dungeon)
 H - a +0 troll leather armour (worn)
   (You found it on level 7 of the Dungeon)
Jewellery
 i - a +6 ring of dexterity (right hand)
   (You found it on level 1 of the Dungeon)
 j - a +6 ring of strength (left hand)
   (You found it on level 1 of the Dungeon)
 u - an amulet of guardian spirit (around neck)
   (You found it on level 3 of the Dungeon)
 y - a +6 ring of intelligence
   (You found it on level 5 of the Dungeon)
 J - a +4 ring of protection {unknown}
   (You found it on level 7 of the Dungeon)
Wands
 x - a wand of acid (10)
   (You found it on level 6 of the Dungeon)
Scrolls
 e - a scroll of immolation {!r}
 k - 2 scrolls of magic mapping
 n - 6 scrolls of teleportation {@r4}
 p - 3 scrolls of remove curse {@r2}
 z - 3 scrolls of identify {@r1}
 A - a scroll of amnesia {unknown}
 C - a scroll of blinking {unknown}
 L - a scroll of enchant armour
Potions
 h - 2 potions of cancellation
 l - a potion of invisibility
 m - 5 potions of curing {unknown}
 o - 3 potions of ambrosia {unknown}
 q - 5 potions of brilliance
 r - a potion of flight {unknown}
 s - a potion of heal wounds {unknown}
 t - a potion of degeneration {unknown}
 v - a potion of haste {unknown}
 w - a potion of magic {unknown}
 E - 2 potions of lignification {unknown}
 F - a potion of might {unknown}
 G - a potion of mutation {unknown}
 K - a potion of berserk rage {unknown}
 M - a potion of stabbing {unknown}
Comestibles
 f - 8 rations {!d}
 I - 3 chunks of flesh


   Skills:
 + Level 8.1 Fighting
 * Level 10.1 Slings
 + Level 4.2 Dodging
 - Level 5.4 Stealth
 + Level 2.1 Invocations


You had 8 spell levels left.
You didn't know any spells.
Your spell library was empty.

Dungeon Overview and Level Annotations

Branches:
Dungeon (7/15)             Temple (1/1) D:5         Ossuary (visited)

Altars:
Ashenzari
Cheibriados
Dithmenos
Elyvilon
Gozag
Hepliaklqana
Kikubaaqudgha
Nemelex Xobeh
Okawaru
Qazlal
Ru
Trog
Uskayaw
Vehumet
Wu Jian
Xom
Yredelemnul
Zin
The Shining One

Annotations:
D:5 exclusion: downstairs
D:6 5 exclusions


Innate Abilities, Weirdness & Mutations

You can be seen from farther away. (+LOS)
You can swim through water.
You cover ground slowly.
You can hop short distances.


Message History

g - 138 stones (gained 1)
Found a leather armour.
g - 139 stones (gained 1) Some of the chunks of flesh in your inventory have rotted away.
Found a scroll labeled HAOSHRAWYLA.
You see here a stone.
A centaur is nearby!
A centaur is nearby!
Firing (i - inventory. (/) - cycle)
g - 139 stones (quivered)
Aim: a centaur, quivering 33 arrows and carrying a wand of disintegration (8) (wandering, hasn't noticed you)
You shoot a stone. The centaur shouts!
The stone hits the centaur.
The centaur wields a +0 shortbow.
The centaur shoots an arrow.
The arrow hits you but does no damage.
Unknown command.
Unknown command.
Firing (i - inventory. (/) - cycle)
g - 138 stones (quivered)
Aim: a centaur, wielding a +0 shortbow, quivering 32 arrows and carrying a wand of disintegration (8) (lightly wounded)
You shoot a stone. The stone barely misses the centaur.
The centaur shoots an arrow.
The arrow hits you.
Unknown command.
Firing (i - inventory. (/) - cycle)
g - 137 stones (quivered)
Aim: a centaur, wielding a +0 shortbow, quivering 31 arrows and carrying a wand of disintegration (8) (lightly wounded)
You shoot a stone.
The stone hits the centaur but does no damage.
The centaur zaps a wand.
You are blasted!
Unknown command.
Hop to where?
Boing!
The centaur shoots an arrow.
The arrow hits you.
The centaur shoots an arrow.
The arrow hits you.
You see here an arrow.
The centaur zaps a wand.
You struggle to resist.
You start resting.
The centaur is too close now for your liking.
The centaur shoots an arrow.
The arrow completely misses you.
The centaur zaps a wand.
You are blasted!
* * * LOW HITPOINT WARNING * * *
The centaur zaps a wand.
You are blasted!
* * * LOW HITPOINT WARNING * * *
You see here an arrow.
Aim: a centaur, wielding a +0 shortbow, quivering 28 arrows and carrying a wand of disintegration (4) (lightly wounded)
The bolt of acid hits the centaur!
The centaur is splashed with acid!
The acid corrodes the centaur!
The centaur zaps a wand.
You are blasted!
You die...

..............................
....!.....##########.#........
....(.../.# #.##.......
.$...>...## #..........
........############........
...#..(....../[.####........
...........####.............
............#........#......
.........)c@.(########......
.[...((((...### #..####.
.#..(.......# #..## #.
#.(.(......# #.# #.
....(.......# ... #.
.#..........# ..## ##
............. <##
............## .....#......#


You could see a centaur (corroded).

Vanquished Creatures
  Joseph (D:7)
  A troll (D:7)
  A hippogriff (D:7)
  A wyvern (D:7)
  Menkaure (D:7)
  A sky beast (D:5)
  2 black bears
  4 ogres
  3 centaurs
  2 elf zombies (Ossuary)
  A bullfrog (D:7)
  3 crimson imps
  A human zombie (Ossuary)
  A jelly (D:6)
  3 centaur zombies
  A quasit (D:4)
  2 hounds
  3 orc priests
  3 orc wizards (D:6)
  A centaur skeleton (D:7)
  An iron imp (D:6)
  Natasha (D:3)
  Ijyb (D:3)
  5 worker ants
  A hound skeleton (D:6)
  2 mummies (Ossuary)
  4 adders
  A shadow imp (D:5)
  An ooze (D:3)
  3 adder zombies
  2 adder skeletons
  4 worms
  A dart slug (D:1)
  5 leopard geckos
  15 orcs
  2 giant cockroaches (D:3)
  3 goblins
  6 hobgoblins
  6 jackals
  3 quokkas
  7 bats
  6 frilled lizards
  A goblin zombie (Ossuary)
  9 hobgoblin zombies (Ossuary)
  A jackal skeleton (D:5)
  2 jackal zombies (Ossuary)
  11 kobolds
  5 kobold zombies (Ossuary)
  A leopard gecko zombie (D:7)
  12 orc zombies (Ossuary)
  5 rats
  2 rat zombies (Ossuary)
  A spectral orc (D:6)
166 creatures vanquished.

Notes
Turn   | Place    | Note
-------+----------+-------------------------------------------
     0 | D:1      | PublicAnimeNo1 the Barachi Hunter began the quest for the
                  | Orb.
     0 | D:1      | Reached XP level 1. HP: 17/17 MP: 1/1
   208 | D:1      | Reached XP level 2. HP: 23/23 MP: 2/2
   457 | D:1      | Reached XP level 3. HP: 26/28 MP: 3/3
   867 | D:2      | Found a stormy altar of Qazlal.
  1544 | D:3      | Noticed Ijyb
  1587 | D:3      | Killed Ijyb
  1587 | D:3      | Reached XP level 4. HP: 35/35 MP: 4/4
  1713 | D:3      | Reached skill level 5 in Slings
  1713 | D:3      | Reached skill level 1 in Stealth
  1849 | D:3      | Noticed a centaur
  1863 | D:3      | Killed a centaur
  1863 | D:3      | Reached XP level 5. HP: 20/42 MP: 5/5
  2144 | D:3      | Noticed Natasha
  2148 | D:3      | Killed Natasha
  2148 | D:3      | Reached XP level 6. HP: 48/48 MP: 6/6
  2301 | D:4      | Found a sand-covered staircase.
  2308 | Ossuary  | Entered an ossuary
  2574 | Ossuary  | Reached skill level 6 in Slings
  2744 | Ossuary  | Reached XP level 7. HP: 18/55 MP: 7/7
  3141 | Ossuary  | Reached skill level 5 in Fighting
  3609 | D:4      | Reached skill level 7 in Slings
  3827 | D:4      | Found a hide-covered altar of Uskayaw.
  4234 | D:5      | Entered Level 5 of the Dungeon
  4282 | D:5      | Reached XP level 8. HP: 64/64 MP: 8/8
  4664 | D:5      | Found a staircase to the Ecumenical Temple.
  4684 | Temple   | Entered the Ecumenical Temple
  4871 | Temple   | Became a worshipper of Warmaster Okawaru
  4920 | D:5      | Found an ornate altar of the Wu Jian Council.
  5171 | D:5      | Reached skill level 8 in Slings
  5300 | D:5      | Found a shadowy altar of Dithmenos.
  5668 | D:6      | Reached * piety under Okawaru
  6092 | D:6      | Reached skill level 5 in Stealth
  6217 | D:6      | Found a basalt altar of Yredelemnul.
  6282 | D:6      | Found a snail-covered altar of Cheibriados.
  6295 | D:6      | Reached XP level 9. HP: 71/72 MP: 7/9
  6490 | D:6      | Found a sparkling altar of Nemelex Xobeh.
  6570 | D:7      | Noticed a troll
  6576 | D:7      | Killed a troll
  6576 | D:7      | Reached skill level 9 in Slings
  6718 | D:7      | Noticed Joseph
  6738 | D:7      | Noticed Menkaure
  6760 | D:7      | Reached ** piety under Okawaru
  6894 | D:7      | Reached skill level 1 in Invocations
  6941 | D:7      | Killed Joseph
  6941 | D:7      | Reached skill level 10 in Slings
  7081 | D:7      | Killed Menkaure
  7108 | D:7      | Blown up by a centaur

Illustrated notes

Levels and vault maps discovered:
D:1:      wheals_arrival_shading, layout_rooms
D:2:      layout_loops_ring, grunt_qazlal_sundering
D:3:      layout_rooms, grunt_decor_clamped, minmay_tree_intersection,
          uniq_natasha, uniq_ijyb
D:4:      layout_loops_ring, eat_drink_and_be_merry_uskayaw,
          nicolae_ossuary_entry_monument, first_ration
D:5:      layout_loops_ring, nicolae_overflow_hidden_temple,
          minmay_temple_entry_junction_2, chequers_mini_garden,
          kennysheep_another_room, fountainhead, grunt_dithmenos_shadows
D:6:      layout_basic, yredelemnul_forgotten_temple_becter, slow_altar_2,
          nemelex_altar_shiori
D:7:      minmay_cornered_nines, layout_rooms, fedhas_bush_and_centaur_altar,
          lemuel_blue_sif_altar, uniq_menkaure, uniq_joseph
Temple:   eino_narrow_crystal_temple

Skill      XL: |  1  2  3  4  5  6  7  8  9 |
---------------+----------------------------+-----
Fighting       | 3 4 5 7 8 |  8.1
Dodging        | 3 4 |  4.2
Slings         | 5 6 7 8 10 | 10.1
Stealth        | 1 2 3 5 |  5.4
Invocations    | 2 |  2.1

Action                   |  1- 3 |  4- 6 |  7- 9 || total
-------------------------+-------+-------+-------++-------
Melee: Short sword       |    10 |       |       ||    10
 Fire: Hunting sling     |   158 |   201 |   444 ||   803
Invok: Heroism           |       |       |     1 ||     1
 Abil: Hop               |     2 |     5 |     6 ||    13
Evoke: Wand              |       |       |     4 ||     4
  Use: Scroll            |     5 |     3 |     2 ||    10
       Potion            |       |       |     1 ||     1
  Eat: Chunk             |     2 |       |     8 ||    10
       Ration            |       |     1 |     2 ||     3
Armor: Leather armour    |    27 |    13 |    13 ||    53
       Scale mail        |       |       |    13 ||    13
       Troll leather arm |       |       |    11 ||    11
Dodge: Dodged            |    50 |    43 |   118 ||   211
